 Dungeon Sprint DCSS version 0.21.1-1-g345015f (webtiles) character file.

3040 Dfrag the Brawler (level 9, -1/109 (110) HPs)
             Began as a Troll Berserker on Feb 25, 2018.
             Was a High Priest of Trog.
             Killed from afar by a deep elf mage (31 damage)
             ... with an orb of energy
             ... in the Dungeon (Sprint III: "The Ten Rune Challenge").
             The game lasted 00:02:33 (544 turns).

Dfrag the Brawler (Troll Berserker)                  Turns: 544, Time: 00:02:34

HP:   -1/109 (110)  AC:  5    Str: 29    XL:     9   Next: 56%
MP:   8/8           EV: 10    Int:  3    God:    Trog [*****.]
Gold: 1624          SH:  0    Dex: 10    Spells: 8/8 levels left

rFire    . . .     SeeInvis .     - Unarmed
rCold    . . .     Gourm    +   (no shield)
rNeg     . . .     Faith    .   a - +0 animal skin
rPois    .         Spirit   .   (helmet restricted)
rElec    .         Reflect  .   (no cloak)
rCorr    .         Harm     .   (gloves unavailable)
MR       .....     NoTele   +   (boots unavailable)
Stlth    +.........             (no amulet)
HPRegen  0.68/turn              (no ring)
MPRegen  0.11/turn              (no ring)

@: berserk cooldown, slowed, very slow
A: large, unfitting armour, claws 3, fast metabolism 3, gourmand, regeneration
1, shaggy fur 1, tough skin 2
a: Berserk, Trog's Hand, Brothers in Arms, Burn Spellbooks, Renounce Religion


You were in the Dungeon.
You worshipped Trog.
Trog was extremely pleased with you.
You were near starving.

You visited 1 branch You collected 1666 gold pieces.
You spent 42 gold pieces at shops.

Inventory:

Armour
 a - a +0 animal skin (worn)
 j - a +0 cloak
Scrolls
 h - a scroll of blinking
 i - 3 scrolls of identify {unknown}
 l - a scroll of holy word {unknown}
 m - 4 scrolls of remove curse
 o - a scroll of immolation {unknown}
Potions
 c - a potion of curing
 d - 2 potions of heal wounds
 e - a potion of haste
 f - 2 potions of magic
 g - 2 potions of berserk rage
 k - 3 potions of mutation {unknown}
 n - 5 potions of flight
 p - a potion of might
 q - a potion of lignification
Comestibles
 b - 5 rations


   Skills:
 + Level 13.2 Fighting
 - Level 2.4 Dodging
 + Level 15.3 Unarmed Combat


You had 8 spell levels left.
You didn't know any spells.

Dungeon Overview and Level Annotations

Branches:
Dungeon (1/1)

Altars:
Dithmenos
Elyvilon
Kikubaaqudgha
Okawaru
Ru
Sif Muna
Trog
Uskayaw
Vehumet
Wu Jian
Yredelemnul
Zin
The Shining One
Beogh

Shops:
D !


Innate Abilities, Weirdness & Mutations

You are too large for most types of armour.
You have claws for hands.
Your metabolism is lightning-fast.
You like to eat raw meat.
Your natural rate of healing is unusually fast.
You are covered in fur. (AC +1)
You have very tough skin. (AC +2)


Message History

You feel a strong urge to attack something.
The deep elf mage points at you and mumbles some strange words.
The orb of energy hits you!
The orb of energy explodes!
You are too berserk!
There isn't anything here!
The deep elf mage gestures at you while chanting.
The bolt of lightning hits you!
* * * LOW HITPOINT WARNING * * *
The bolt of lightning misses you.
You feel your anger nearly subside.
You are no longer berserk.
You are exhausted.
You feel yourself slow down.
Your stone giant goes berserk!
You are near starving!
The deep elf mage mumbles some strange words.
The deep elf mage blinks!
The deep elf mage casts a spell at you.
The orb of energy hits your stone giant.
The orb of energy explodes!
The mystic blast hits you!
You die...

▓▓▓ ▓▓▓▓▓
######.###.#.#########
_#__#.##.#.#...'@#...#
.#._#.........##C#...##≈
##)##..)......##.#..e≈≈≈
....#.)).....∩##e#...##≈
....#)#...#.##.#§e...#
###'#.###.#.##########
#...#'#######
#...#.†§§§+ #...#.#§§§#


You could see 3 deep elf magi and a friendly stone giant (berserk).

Vanquished Creatures
  A deep elf knight (D)
  2 deep elf magi (D)
  A shadow (D)
  A necrophage (D)
  A water elemental (D)
  A jelly (D)
  Crazy Yiuf (D)
  Jessica (D)
  A wizard (D)
  A necromancer (D)
  3 humans (D)
  A kobold demonologist (D)
  An ooze (D)
  2 rats (D)
18 creatures vanquished.

Vanquished Creatures (collateral kills)
  Snorg (D)
  An orc sorcerer (D)
  2 orc warriors (D)
  2 orc priests (D)
  4 orc wizards (D)
  9 orcs (D)
19 creatures vanquished.

Vanquished Creatures (others)
  2 draconian scorchers (D)
  6 hellions (D)
  A yaktaur (D)
  5 plants (D)
14 creatures vanquished.

Grand Total: 51 creatures vanquished

Notes
Turn   | Place    | Note
-------+----------+-------------------------------------------
     0 | D        | Dfrag the Troll Berserker began the quest for the Orb.
     0 | D        | Reached XP level 1. HP: 22/22 MP: 0/0
    39 | D        | Reached ** piety under Trog
    40 | D        | Noticed Jessica
    46 | D        | Killed Jessica
    46 | D        | Reached skill level 5 in Unarmed Combat
    46 | D        | Reached XP level 2. HP: 33/33 MP: 1/1
    46 | D        | Reached XP level 3. HP: 40/40 MP: 2/2
    99 | D        | Killed a hellion
    99 | D        | Killed a hellion
   100 | D        | Killed a hellion
   105 | D        | Noticed Crazy Yiuf
   116 | D        | Killed Crazy Yiuf
   116 | D        | Reached *** piety under Trog
   116 | D        | Reached skill level 5 in Fighting
   116 | D        | Reached skill level 6 in Unarmed Combat
   116 | D        | Reached XP level 4. HP: 50/50 MP: 3/3
   127 | D        | Killed a white draconian scorcher
   129 | D        | Killed a hellion
   159 | D        | Killed a yaktaur
   162 | D        | Noticed a water elemental
   167 | D        | Killed a water elemental
   167 | D        | Reached skill level 7 in Unarmed Combat
   179 | D        | Killed a white draconian scorcher
   198 | D        | Found a glowing silver altar of Zin.
   198 | D        | Found a glowing golden altar of the Shining One.
   198 | D        | Found a white marble altar of Elyvilon.
   199 | D        | Noticed a deep elf mage
   202 | D        | Killed a deep elf mage
   202 | D        | Reached skill level 10 in Unarmed Combat
   202 | D        | Reached XP level 5. HP: 67/67 MP: 4/4
   202 | D        | Reached XP level 6. HP: 75/75 MP: 5/5
   234 | D        | Found a hide-covered altar of Uskayaw.
   234 | D        | Found a roughly hewn altar of Beogh.
   234 | D        | Found an iron altar of Okawaru.
   234 | D        | Found a bloodstained altar of Trog.
   234 | D        | Found an ornate altar of the Wu Jian Council.
   234 | D        | Noticed a human
   235 | D        | Noticed a human
   242 | D        | Killed a human
   242 | D        | Reached **** piety under Trog
   242 | D        | Reached skill level 11 in Unarmed Combat
   242 | D        | Reached XP level 7. HP: 84/84 MP: 6/6
   247 | D        | Killed a human
   247 | D        | Reached skill level 10 in Fighting
   247 | D        | Reached skill level 12 in Unarmed Combat
   261 | D        | Killed a hellion
   294 | D        | Found a basalt altar of Yredelemnul.
   294 | D        | Found a shadowy altar of Dithmenos.
   294 | D        | Found a sacrificial altar of Ru.
   309 | D        | Killed a hellion
   350 | D        | Noticed a shadow
   353 | D        | Killed a shadow
   353 | D        | Reached ***** piety under Trog
   353 | D        | Reached XP level 8. HP: 95/95 MP: 7/7
   384 | D        | Found a radiant altar of Vehumet.
   384 | D        | Found a deep blue altar of Sif Muna.
   384 | D        | Found an ancient bone altar of Kikubaaqudgha.
   388 | D        | Received a gift from Trog
   449 | D        | Noticed an orc sorcerer
   450 | D        | Noticed Snorg
   453 | D        | Killed an orc sorcerer
   453 | D        | Reached skill level 13 in Unarmed Combat
   454 | D        | Killed Snorg
   454 | D        | Reached skill level 14 in Unarmed Combat
   459 | D        | Found Ikles's Distillery.
   461 | D        | Reached XP level 9. HP: 103/105 MP: 8/8
   464 | D        | Reached ****** piety under Trog
   466 | D        | Received a gift from Trog
   510 | D        | Bought a potion of lignification for 42 gold pieces
   526 | D        | Noticed a deep elf mage
   526 | D        | Noticed a deep elf mage
   526 | D        | Noticed a deep elf mage
   526 | D        | Noticed a deep elf mage
   526 | D        | Noticed a deep elf knight
   534 | D        | Killed a deep elf mage
   539 | D        | Killed a deep elf knight
   539 | D        | Reached skill level 15 in Unarmed Combat
   544 | D        | Killed from afar by a deep elf mage

Skill      XL: |  1  2  3  4  5  6  7  8  9 |
---------------+----------------------------+-----
Fighting       | 4 5 9 10 12 13 | 13.2
Unarmed Combat | 5 6 10 11 12 14 15 | 15.3
Dodging        | |  2.4

Action                   |  1- 3 |  4- 6 |  7- 9 || total
-------------------------+-------+-------+-------++-------
Melee: Unarmed           |    24 |    12 |    26 ||    62
       Punch             |       |     1 |     1 ||     2
Invok: Berserk           |     2 |     3 |     4 ||     9
       Brothers in Arms  |       |       |     3 ||     3
       Burn Spellbooks   |       |       |     1 ||     1
  Eat: Chunk             |     2 |     3 |     4 ||     9
Armor: Animal skin       |     6 |     1 |     2 ||     9
Dodge: Dodged            |    10 |     2 |     8 ||    20
